 Dungeon Crawl Stone Soup version 0.21.0 (webtiles) character file.

1715 rgaf the Covert (level 9, -1/42 HPs)
             Began as a Vine Stalker Gladiator on Jan 7, 2018.
             Slain by a killer bee (4 damage)
             ... on level 6 of the Dungeon.
             The game lasted 00:04:38 (5027 turns).

rgaf the Covert (Vine Stalker Gladiator)            Turns: 5027, Time: 00:04:39

Health: -1/42      AC:  9    Str: 19    XL:     9   Next: 4%
Magic:  0/10       EV: 11    Int:  8    God:
Gold:   338        SH:  0    Dex: 17    Spells: 8/8 levels left

rFire    . . .     SeeInvis .   H - +2 short sword (flame)
rCold    . . .     Gourm    .   (no shield)
rNeg     . . .     Faith    .   x - +3 ring mail
rPois    .         Spirit   +   c - +0 helmet
rElec    .         Reflect  .   A - scarf {repulsion}
rCorr    .         Harm     .   (no gloves)
MR       +....                  (no boots)
Stlth    +++.......             (no amulet)
HPRegen  0.54/turn              (no ring)
MPRegen  0.12/turn              (no ring)

@: lethally poisoned (-1 -> -1), heavily drained, repel missiles
A: fangs 3, regeneration 1, magic shield, antimagic bite, no potion heal 3, rot
immunity
a: no special abilities


You were on level 6 of the Dungeon.
You were not hungry.

You visited 1 branch of the dungeon, and saw 7 of its levels.

You collected 338 gold pieces.

Inventory:

Hand Weapons
 a - a +0 rapier
 q - a +2 dagger of holy wrath
 H - a +2 short sword of flaming (weapon)
Missiles
 d - 4 throwing nets (quivered)
 e - 196 stones
Armour
 b - a +0 leather armour
 c - a +0 helmet (worn)
 x - a +3 ring mail (worn)
 A - a scarf of repulsion (worn)
 C - a scarf of cloud immunity
Jewellery
 l - an uncursed amulet of faith {unknown}
 E - a +3 amulet of reflection {unknown}
Wands
 s - a wand of flame (6)
 u - a wand of paralysis (14)
 B - a wand of clouds (5)
 D - a wand of digging (15)
Scrolls
 g - a scroll of amnesia {unknown}
 i - 6 scrolls of remove curse {unknown}
 j - a scroll of random uselessness {unknown}
 m - 6 scrolls of identify {unknown}
 o - a scroll of teleportation {unknown}
 p - 2 scrolls of magic mapping {unknown}
 r - 2 scrolls of fog {unknown}
 t - 3 scrolls of immolation {unknown}
 y - a scroll of fear {unknown}
Potions
 h - a potion of degeneration {unknown}
 k - 6 potions of curing {unknown}
 n - 3 potions of flight {unknown}
 v - a potion of agility {unknown}
 w - a potion of lignification {unknown}
 z - a potion of haste {unknown}
Books
 F - the Handbook of Unstable Unholy Magic
   (You found it on level 6 of the Dungeon)

   Spells                             Type                      Level
   a - Animate Skeleton               Necromancy                   1
   b - Beastly Appendage              Transmutation                1
   c - Sticks to Snakes               Transmutation                2
   d - Agony                          Necromancy                   5
   e - Dispel Undead                  Necromancy                   5
   f - Simulacrum                     Ice/Necromancy               6
Comestibles
 f - 12 rations
 G - 2 chunks of flesh


   Skills:
 - Level 1.7(0.5) Fighting
 - Level 8.0(6.6) Short Blades
 - Level 1.7(0.5) Throwing
 - Level 2.4(1.2) Dodging
 + Level 9.8(8.4) Stealth


You had 8 spell levels left.
You didn't know any spells.

Dungeon Overview and Level Annotations

Branches:
Dungeon (7/15)
 Temple: D:4-7

Altars:
Ashenzari
Cheibriados
Nemelex Xobeh
Vehumet

Annotations:
D:7 Dowan, Menkaure


Innate Abilities, Weirdness & Mutations

You have razor-sharp teeth.
Your natural rate of healing is unusually fast.
When hurt, damage is shared between your health and your magic reserves.
Your bite disrupts and absorbs the magic of your enemies.
Potions cannot restore your health.
You are immune to rotting.


Message History

The killer bee stings you but does no damage.
The killer bee stings you.
* * * LOW HITPOINT WARNING * * *
You climb upwards.
You feel sick.
There is a stone staircase leading down, spattered with blood here.
You miss the killer bee.
The killer bee is moderately wounded.
The killer bee stings you but does no damage.
The killer bee barely misses you.
You closely miss the killer bee. Your bite misses the killer bee.
The killer bee is moderately wounded.
The killer bee stings you but does no damage.
You closely miss the killer bee. Your bite misses the killer bee.
The killer bee is moderately wounded.
You feel sick. The killer bee closely misses you.
The killer bee stings you but does no damage.
You puncture the killer bee! You burn the killer bee.
The killer bee is almost dead.
The killer bee stings you!
You die...

#.......#
#.......#
#.......#
#.......#
#.......#
#.......#
#.......#
###.......########
..............[y@#
#..........#######
##.#######.# #...#
#.# ....# #.#
#...## #.# ##...#
#.# #....# #.#
.....## #.#


You could see a killer bee.

Vanquished Creatures
  A hippogriff (D:6)
  Duvessa (D:7)
  A phantom (D:4)
  2 ogres
  2 scorpions (D:4)
  A killer bee (D:7)
  2 howler monkeys
  5 wights
  A crimson imp (D:5)
  3 orc priests
  3 hounds
  A jelly (D:6)
  A centaur skeleton (D:6)
  Jessica (D:2)
  An iguana (D:6)
  Natasha (D:4)
  2 orc wizards
  6 worker ants
  A gnoll (D:3)
  9 adders
  A shadow imp (D:5)
  An ooze (D:1)
  A worm (D:2)
  2 dart slugs (D:1)
  3 leopard geckos
  17 orcs
  6 giant cockroaches
  9 goblins
  10 hobgoblins
  2 jackals (D:3)
  3 bats
  3 frilled lizards
  5 kobolds
  A quokka skeleton (D:4)
  7 rats
116 creatures vanquished.

Notes
Turn   | Place    | Note
-------+----------+-------------------------------------------
     0 | D:1      | rgaf the Vine Stalker Gladiator began the quest for the Orb.
     0 | D:1      | Reached XP level 1. HP: 11/11 MP: 2/2
    72 | D:1      | Reached XP level 2. HP: 9/15 MP: 3/3
   399 | D:1      | Reached XP level 3. HP: 18/18 MP: 4/4
  1010 | D:2      | Noticed Jessica
  1014 | D:2      | Killed Jessica
  1014 | D:2      | Gained mutation: Your natural rate of healing is unusually fast. [Vine Stalker growth]
  1014 | D:2      | Reached XP level 4. HP: 23/23 MP: 5/5
  1359 | D:2      | Found a snail-covered altar of Cheibriados.
  1370 | D:2      | Found a shattered altar of Ashenzari.
  1411 | D:3      | Reached skill level 5 in Short Blades
  1411 | D:3      | Reached XP level 5. HP: 19/26 MP: 4/6
  1911 | D:3      | Reached XP level 6. HP: 24/30 MP: 7/7
  2311 | D:4      | Noticed a phantom
  2343 | D:4      | Killed a phantom
  2563 | D:4      | Noticed Natasha
  2571 | D:4      | Killed Natasha
  2571 | D:4      | Reached XP level 7. HP: 29/34 MP: 8/8
  2903 | D:5      | Entered Level 5 of the Dungeon
  3338 | D:5      | Reached skill level 1 in Stealth
  3344 | D:5      | Reached skill level 2 in Stealth
  3900 | D:6      | Reached skill level 3 in Stealth
  3934 | D:6      | Reached skill level 4 in Stealth
  3934 | D:6      | Gained mutation: You have razor-sharp teeth. [Vine Stalker growth]
  3934 | D:6      | Reached XP level 8. HP: 25/38 MP: 9/9
  3969 | D:6      | Found a sparkling altar of Nemelex Xobeh.
  4009 | D:6      | Reached skill level 5 in Stealth
  4078 | D:6      | Reached skill level 6 in Stealth
  4191 | D:6      | Noticed a hippogriff
  4268 | D:6      | Found a radiant altar of Vehumet.
  4305 | D:6      | Identified the Handbook of Unstable Unholy Magic
  4453 | D:6      | Killed a hippogriff
  4453 | D:6      | Reached skill level 7 in Stealth
  4642 | D:7      | Reached skill level 8 in Stealth
  4648 | D:7      | Noticed Dowan
  4857 | D:6      | Reached skill level 9 in Stealth
  4915 | D:7      | Noticed Duvessa
  4930 | D:7      | Killed Duvessa
  4930 | D:7      | Reached XP level 9. HP: 29/42 MP: 10/10
  5009 | D:7      | Noticed Menkaure
  5027 | D:6      | Slain by a killer bee

Skill      XL: |  1  2  3  4  5  6  7  8 |
---------------+-------------------------+-----
Short Blades   | 3 4 5 6 7 8 |  8.0
Stealth        | 4 9 |  9.8
Fighting       | |  1.7
Throwing       | |  1.7
Dodging        | |  2.4

Action                   |  1- 3 |  4- 6 |  7- 9 || total
-------------------------+-------+-------+-------++-------
Melee: Rapier            |    76 |   150 |   235 ||   461
       Bite              |    17 |    45 |    90 ||   152
       Short sword       |       |       |    16 ||    16
 Stab: Sleeping          |     2 |     1 |     2 ||     5
  Eat: Chunk             |       |     5 |     8 ||    13
Armor: Leather armour    |    13 |    28 |     2 ||    43
       Ring mail         |       |       |    52 ||    52
Dodge: Dodged            |    43 |    78 |   137 ||   258
       Deflected         |       |       |     2 ||     2
